 Dungeon Crawl Stone Soup version 0.21-a0-78-g82a99e0 (webtiles) character file.

261 Banto the Grave Robber (level 5, -4/37 HPs)
             Began as a Demonspawn Necromancer on June 14, 2017.
             Slain by morra's ghost (15 damage)
             ... on level 3 of the Dungeon on June 21, 2017.
             The game lasted 00:06:28 (3061 turns).

Banto the Grave Robber (Demonspawn Necromancer)     Turns: 3061, Time: 00:06:29

Health: -4/37      AC:  4    Str: 13    XL:     5   Next: 96%
Magic:  10/10      EV: 12    Int: 17    God:
Gold:   103        SH:  0    Dex: 13    Spells: 6/11 levels left

rFire    . . .     SeeInvis .   l - +0 short sword
rCold    . . .     Gourm    .   (no shield)
rNeg     . . .     Faith    .   a - +0 robe
rPois    .         Spirit   .   (helmet restricted)
rElec    .         Reflect  .   i - +1 cloak
rCorr    .         Harm     .   (no gloves)
MR       .....                  (no boots)
Stlth    ++........             k - amulet of regeneration
HPRegen  0.52/turn              j - ring of flight
MPRegen  0.12/turn              m - +4 ring of strength

@: no status effects
A: antennae 1, powered by pain 1
a: Evoke Flight


You were on level 3 of the Dungeon.
You were not hungry.

You visited 1 branch of the dungeon, and saw 4 of its levels.

You collected 103 gold pieces.

Inventory:

Hand Weapons
 l - a +0 short sword (weapon)
Armour
 a - a +0 robe (worn)
 i - a +1 cloak (worn)
Jewellery
 j - a ring of flight (left hand)
 k - an amulet of regeneration (around neck)
 m - a +4 ring of strength (right hand)
Scrolls
 d - a scroll of remove curse
 f - 2 scrolls of identify
 g - 2 scrolls of blinking
 n - a scroll of teleportation
 p - a scroll of noise {unknown}
 q - a scroll of recharging
Potions
 e - 2 potions of curing
 h - a potion of might
 o - a potion of invisibility {unknown}
Books
 b - a book of Necromancy

   Spells                             Type                      Level
   a - Pain                           Necromancy                   1
   b - Animate Skeleton               Necromancy                   1
   c - Vampiric Draining              Necromancy                   3
   d - Regeneration                   Charms/Necromancy            3
   e - Animate Dead                   Necromancy                   4
   f - Control Undead                 Necromancy                   4
Comestibles
 c - 2 bread rations


   Skills:
 + Level 1.4 Fighting
 + Level 1.1 Short Blades
 + Level 1.9 Dodging
 + Level 2.1 Stealth
 + Level 3.6 Spellcasting
 + Level 6.2 Necromancy


You had 6 spell levels left.
You knew the following spells:

 Your Spells              Type           Power        Failure   Level  Hunger
a - Pain                  Necr           ###.         1%          1    None
b - Animate Skeleton      Necr           N/A          1%          1    None
c - Vampiric Draining     Necr           ###.......   3%          3    ###....


Dungeon Overview and Level Annotations

Branches:
Dungeon (4/15)
 Temple: D:4-7

Altars:

Annotations:
D:3 morra's ghost, amateur HOFi


Innate Abilities, Weirdness & Mutations

You have a pair of small antennae on your head.
You sometimes gain a little power by taking damage.


Message History

You barely miss morra's ghost. Morra's ghost barely misses you.
You hit morra's ghost but do no damage. Morra's ghost hits you!
You take 8 damage, and have 29/37 hp.
MASSIVE DAMAGE!!
You hit morra's ghost.
Morra's ghost is lightly damaged.
Morra's ghost hits you!
You take 7 damage, and have 22/37 hp.
You hit morra's ghost.
Morra's ghost is lightly damaged.
Morra's ghost hits you!
You take 8 damage, and have 14/37 hp.
MASSIVE DAMAGE!!
You hit morra's ghost but do no damage.
Morra's ghost is lightly damaged.
Morra's ghost hits you.
* * * LOW HITPOINT WARNING * * *
You take 3 damage, and have 11/37 hp.
You hit morra's ghost but do no damage.
Morra's ghost is lightly damaged.
Morra's ghost hits you!
You die...

#..#######
#.#.....#
###+#.#.^..##
.....#....#
....#....#######
...#.##........
. ..#.##########
... #W#.# #
...%.#@#.# #####
..........#
#....
..........#
#....
..........#
#....
#####<.....
##### #....... #
#.......# #
#.......# #
#.......#


You could see morra's ghost.

Vanquished Creatures
  A hound (D:4)
  A gnoll shaman (D:3)
  An iguana (D:4)
  A worker ant (D:4)
  4 gnolls
  4 adders
  2 oozes (D:1)
  3 dart slugs
  2 leopard geckos
  A ball python (D:2)
  5 bats
  2 giant cockroaches
  12 goblins
  4 hobgoblins
  6 frilled lizards (D:1)
  12 kobolds
  15 rats
76 creatures vanquished.

Notes
Turn   | Place    | Note
-------+----------+-------------------------------------------
     0 | D:1      | Banto the Demonspawn Necromancer began the quest for the Orb.
     0 | D:1      | Reached XP level 1. HP: 13/13 MP: 3/3
   347 | D:1      | Gained mutation: You sometimes gain a little power by taking damage. [demonic ancestry]
   347 | D:1      | Reached XP level 2. HP: 14/19 MP: 0/5
   522 | D:1      | Reached skill level 5 in Necromancy
  1052 | D:1      | Reached XP level 3. HP: 23/24 MP: 1/6
  1312 | D:2      | Learned a level 1 spell: Animate Skeleton
  1316 | D:2      | Learned a level 3 spell: Vampiric Draining
  1798 | D:2      | Gained mutation: You have a pair of small antennae on your head. [demonic ancestry]
  1798 | D:2      | Reached XP level 4. HP: 28/30 MP: 3/8
  2373 | D:3      | Noticed morra's ghost (amateur HOFi)
  2496 | D:3      | You fall through a shaft!
  2509 | D:4      | Reached skill level 1 in Short Blades
  2516 | D:4      | Reached skill level 1 in Fighting
  2516 | D:4      | Reached XP level 5. HP: 8/37 MP: 2/10
  2761 | D:3      | Reached skill level 6 in Necromancy
  2925 | D:4      | Upgraded the game from 0.21-a0-52-gbf49515 to 0.21-a0-78-g82a99e0
  3061 | D:3      | Slain by morra's ghost

Vault maps used:
D:1:      mrwooster_arrival_statue_2
D:2:      first_bread
D:4:      kennysheep_the_goblin_king, nemelex_dance_club_becter, uniq_pikel

Skill      XL: |  1  2  3  4  5 |
---------------+----------------+-----
Necromancy     | 5 6 |  6.2
Stealth        | 2 |  2.1
Short Blades   | 1 |  1.1
Spellcasting   | 3 |  3.6
Fighting       | 1 |  1.4
Dodging        | |  1.9

Action                   |  1- 3 |  4- 6 || total
-------------------------+-------+-------++-------
Melee: Unarmed           |     3 |       ||     3
       Short sword       |    10 |    83 ||    93
 Cast: Pain              |    75 |    31 ||   106
       Vampiric Draining |       |     9 ||     9
  Use: Scroll            |       |     7 ||     7
       Potion            |       |     1 ||     1
 Stab: Sleeping          |     1 |     2 ||     3
  Eat: Chunk             |     3 |     5 ||     8
Armor: Robe              |     5 |    12 ||    17
Dodge: Dodged            |     9 |    67 ||    76

Table legend:
 A = Turns spent in this place as a percentage of turns spent in the entire game.
 B = Non-inter-level travel turns spent in this place as a percentage of non-inter-level travel turns spent in the entire game.
 C = Inter-level travel turns spent in this place as a percentage of turns spent in this place.
 D = Turns resting spent in this place as a percentage of non-inter-level travel turns spent in this place.
 E = Turns spent auto-exploring this place as a percentage of non-inter-level travel turns spent in this place.
 F = Non-inter-level travel turns spent in this place divided by the number of levels of this place that you've seen.
                   A       B       C       D       E      F
               +-------+-------+-------+-------+-------+----------------------
         Total | 100.0 | 100.0 |   0.9 |   6.0 |   9.8 | 244.2
       Dungeon | 100.0 | 100.0 |   0.9 |   6.0 |   9.8 | 244.2
               +-------+-------+-------+-------+-------+----------------------

Table legend:
 A = Kills in this place as a percentage of kills in entire the game.
 B = Kills by you in this place as a percentage of kills by you in the entire game.
 C = Kills by friends in this place as a percentage of kills by friends in the entire game.
 D = Other kills in this place as a percentage of other kills in the entire game.
 E = Experience gained in this place as a percentage of experience gained in the entire game.
 F = Experience gained in this place divided by the number of levels of this place that you have seen.
                   A       B       C       D       E      F
               +-------+-------+-------+-------+-------+----------------------
         Total | 100.0 | 100.0 |  -nan |  -nan | 100.0 |  93.2
       Dungeon | 100.0 | 100.0 |  -nan |  -nan | 100.0 |  93.2
               +-------+-------+-------+-------+-------+----------------------
